 Dungeon Crawl Stone Soup version 0.29.0-4-gdea44cf6ec (webtiles) character file.

Game seed: 17755302400148086403

601 qw the Chopper (level 7, -6/44 HPs)
             Began as a Gargoyle Berserker on Sept 4, 2022.
             Was a Priest of Trog.
             Mangled by a gnoll
             ... wielding a +0 halberd
             ... led by a gnoll bouda
              (8 damage)
             ... on level 7 of the Dungeon.
             The game lasted 00:01:37 (4041 turns).

qw the Chopper (Gargoyle Berserker)                 Turns: 4041, Time: 00:01:38

Health: -6/44      AC: 14    Str: 22    XL:     7   Next: 41%
Magic:  7/7        EV: 11    Int:  8    God:    Trog [***...]
Gold:   46         SH:  5    Dex:  9    Spells: 6/6 levels left

rFire   . . .      SeeInvis .   Y - +0 hand axe
rCold   . . .      Faith    .   (no shield)
rNeg    + + .      Spirit   .   h - +2 ring mail {rPois}
rPois   inf        Reflect  +   (no helmet)
rElec   +          Harm     .   n - +0 cloak
rCorr   .          Rampage  .   m - +0 pair of gloves
Will    .....                   (no boots)
Stlth   ..........              j - amulet of reflection
HPRegen 0.14/turn               b - ring of positive energy
MPRegen 0.10/turn               (no ring)

@: on berserk cooldown, slowed, very slow
A: sickness immunity, AC +4, negative energy resistance 1, electricity
resistance, torment resistance 1, petrification resistance
a: Renounce Religion, Berserk, Trog's Hand


You were on level 7 of the Dungeon.
You worshipped Trog.
Trog was most pleased with you.
You visited 1 branch of the dungeon, and saw 5 of its levels.

You collected 187 gold pieces.
You spent 141 gold pieces at shops.


Innate Abilities, Weirdness & Mutations

You are immune to sickness and miasma.
Your stone body is resilient. (AC +4)
You are immune to poison.
You resist negative energy. (rN+)
You are resistant to electric shocks. (rElec)
You are resistant to unholy torment.
You are immune to petrification.


   Skills:
 + Level 4.8 Fighting
 - Level 7.0 Axes
 - Level 2.1 Armour
 - Level 1.5 Dodging


You had 6 spell levels left.
You didn't know any spells.
Your spell library was empty.

Inventory:

Hand Weapons
 e - a +0 whip
 Y - a +0 hand axe (weapon)
Armour
 a - the +2 chain mail of Terror {Will+ Str+2}
   (You found it on level 4 of the Dungeon)

   Str:       It affects your strength (+2).
   Will:      It increases your willpower.
 h - a +2 ring mail of poison resistance (worn)
 m - a +0 pair of gloves (worn)
 n - a +0 cloak (worn)
Jewellery
 b - a ring of positive energy (left hand)
 j - an amulet of reflection (around neck)
 o - an amulet of the acrobat
Scrolls
 i - a scroll of identify
Potions
 c - 4 potions of curing
 d - 2 potions of brilliance {unknown}
 k - 2 potions of haste
 l - a potion of might
 p - a potion of cancellation
 q - a potion of mutation {unknown}

Dungeon Overview and Level Annotations

Branches:
Dungeon (4/15)
 Temple: D:4-7

Altars:
Hepliaklqana

Shops:
D:1 ?   D:4 =!

Annotations:
D:3 3 runed translucent doors, qw's ghost, amateur BaCK


Message History

The gnoll is healed somewhat.
The scorpion barely misses you. The gnoll completely misses you.
The gnoll closely misses you.
The gnoll bouda hits you but does no damage.
You hit the gnoll bouda.
The gnoll bouda is severely wounded.
You closely miss the scorpion. You barely miss the gnoll.
The scorpion closely misses you. The gnoll closely misses you.
The gnoll misses you. You block the gnoll bouda's attack.
You block the scorpion's attack.
You hit the gnoll bouda but do no damage.
The gnoll bouda is severely wounded.
You hit the scorpion. You hit the gnoll. You hit the orc wizard.
The orc wizard hits you but does no damage.
The gnoll hits you but does no damage. The gnoll closely misses you.
The gnoll bouda barely misses you. The scorpion stings you.
The gnoll hits you but does no damage. x2
The gnoll bouda hits you with a +0 club.
The orc wizard closely misses you.
You hit the gnoll bouda.
The gnoll bouda is almost dead.
You hit the scorpion but do no damage. You completely miss the gnoll.
You hit the orc wizard.
The scorpion stings you but does no damage.
The orc wizard hits you with a +0 dagger.
The gnoll hits you but does no damage.
The gnoll hits you with a +2 flail of draining.
You block the gnoll bouda's attack. The scorpion completely misses you.
You closely miss the orc wizard.
The orc wizard is almost dead.
You hit the gnoll bouda but do no damage.
You barely miss the scorpion. You completely miss the gnoll.
You block the scorpion's attack.
The orc wizard gestures wildly while chanting.
The orc wizard flickers and vanishes!
Deactivating autopickup; reactivate with Ctrl-A.
The gnoll hits you but does no damage. x2
The gnoll bouda hits you with a +0 club.
The scorpion closely misses you. The gnoll closely misses you.
The gnoll hits you from afar with a +0 halberd!
You die...

#..# . ...
.. ..##
...#### ...
..... ..# #
...#..#.#..
#.s.......
#g@.....#
#.g{###.#
.g....#
#......##
#.##.....
.. ..:.#..
. .....#>.
.#.......#


You could see a gnoll bouda, a scorpion and 2 gnolls.

Vanquished Creatures
  Sigmund (D:3)
  An orc warrior (D:7)
  A bullfrog (D:7)
  A wight (D:7)
  A howler monkey (D:4)
  A hound (D:3)
  Terence (D:2)
  2 adders
  A white imp (D:7)
  5 dart slugs
  6 orcs
  9 ball pythons
  4 bats
  11 endoplasms
  A giant cockroach (D:1)
  7 goblins
  7 hobgoblins
  10 jackals (D:2)
  3 quokkas (D:1)
  2 frilled lizards
  A kobold (D:4)
  11 rats
87 creatures vanquished.

Notes
Turn   | Place    | Note
-------+----------+-------------------------------------------
     0 | D:1      | qw the Gargoyle Berserker began the quest for the Orb.
     0 | D:1      | Reached XP level 1. HP: 14/14 MP: 1/1
     0 | D:1      | 0 ||| qw: Version: 0.1-a-103-gd6f5d3a
     0 | D:1      | 0 ||| qw: Game counter: 5593
     0 | D:1      | 0 ||| qw: Always use a shield: true
     0 | D:1      | 0 ||| qw: Do Orc after D:15 true
     0 | D:1      | 0 ||| qw: Do second Lair branch before Depths: true
     0 | D:1      | 0 ||| qw: Lair rune preference: random
     0 | D:1      | 0 ||| qw: Plans: Normal
     0 | D:1      | 0 ||| PLANNING D:1-11
    33 | D:1      | 33 ||| Stepping ~*~*~tactically~*~*~ (stealth).
    41 | D:1      | 41 ||| INVOKING Berserk.
    42 | D:1      | 42 ||| INVOKING Berserk.
    44 | D:1      | Reached skill level 3 in Axes
   289 | D:1      | 289 ||| Stepping ~*~*~tactically~*~*~ (stealth).
   290 | D:1      | 290 ||| Stepping ~*~*~tactically~*~*~ (stealth).
   297 | D:1      | Reached XP level 2. HP: 19/19 MP: 2/2
   300 | D:1      | 300 ||| Stepping ~*~*~tactically~*~*~ (stealth).
   302 | D:1      | 302 ||| Stepping ~*~*~tactically~*~*~ (stealth).
   303 | D:1      | 303 ||| Stepping ~*~*~tactically~*~*~ (stealth).
   321 | D:1      | 321 ||| Stepping ~*~*~tactically~*~*~ (stealth).
   535 | D:1      | 535 ||| DROPPING +0 club.
   620 | D:1      | 620 ||| Stepping ~*~*~tactically~*~*~ (stealth).
   741 | D:1      | 741 ||| Stepping ~*~*~tactically~*~*~ (hiding).
   851 | D:1      | Reached XP level 3. HP: 22/23 MP: 3/3
   863 | D:1      | 863 ||| Stepping ~*~*~tactically~*~*~ (stealth).
   866 | D:1      | 866 ||| Stepping ~*~*~tactically~*~*~ (stealth).
   914 | D:1      | Found Iroywad's Magic Scroll Boutique.
   918 | D:1      | 918 ||| SHOPLISTING 2 scrolls of enchant weapon (150 gold,
                  | have 22).
   918 | D:1      | 918 ||| SHOPLISTING scroll of brand weapon (95 gold, have
                  | 22).
   918 | D:1      | 918 ||| BUYING scroll of identify (20 gold).
   918 | D:1      | Bought a scroll of identify for 20 gold pieces
   918 | D:1      | 918 ||| SHOPLISTING scroll of identify (20 gold, have 2).
  1046 | D:1      | 1046 ||| UPGRADING to +0 leather armour.
  1056 | D:1      | 1056 ||| DROPPING +0 animal skin.
  1057 | D:1      | 1057 ||| UPGRADING to amulet of reflection.
  1062 | D:1      | 1062 ||| DROPPING ring of magical power.
  1063 | D:1      | 1063 ||| READING scroll labelled PAEH GUPPALO.
  1064 | D:1      | 1064 ||| DRINKING 3 sapphire potions.
  1065 | D:1      | 1065 ||| DRINKING 2 white potions.
  1066 | D:1      | 1066 ||| READING 2 scrolls of identify.
  1066 | D:1      | 1066 ||| IDENTIFYING clear potion
  1067 | D:1      | 1067 ||| DROPPING potion of magic.
  1151 | D:2      | Reached ** piety under Trog
  1172 | D:2      | Reached skill level 4 in Axes
  1173 | D:2      | 1173 ||| Stepping ~*~*~tactically~*~*~ (hiding).
  1175 | D:2      | 1175 ||| Stepping ~*~*~tactically~*~*~ (hiding).
  1176 | D:2      | 1176 ||| Stepping ~*~*~tactically~*~*~ (hiding).
  1322 | D:2      | Found a faded altar of an unknown god.
  1591 | D:2      | 1591 ||| Stepping ~*~*~tactically~*~*~ (stealth).
  1637 | D:2      | Noticed Terence
  1640 | D:2      | 1640 ||| INVOKING Berserk.
  1647 | D:2      | Killed Terence
  1648 | D:2      | Reached XP level 4. HP: 28/28 MP: 4/4
  2196 | D:2      | 2196 ||| UPGRADING to +0 ring mail.
  2206 | D:2      | 2206 ||| DROPPING +0 leather armour.
  2207 | D:2      | 2207 ||| UPGRADING to +2 ring mail of poison resistance.
  2217 | D:2      | 2217 ||| DROPPING +0 ring mail.
  2218 | D:2      | 2218 ||| UPGRADING to +0 cloak.
  2223 | D:2      | 2223 ||| READING scroll labelled TYALEF MOYBBA ZYOCS.
  2224 | D:2      | 2224 ||| READING scroll labelled OTEHIKHL BUIMUS.
  2271 | D:2      | 2271 ||| DRINKING 3 bubbling pink potions.
  2272 | D:2      | 2272 ||| READING 2 scrolls of identify.
  2272 | D:2      | 2272 ||| IDENTIFYING green potion
  2273 | D:2      | 2273 ||| DROPPING 2 potions of degeneration.
  2291 | D:3      | 2291 ||| STAIRDANCE
  2408 | D:3      | Noticed Sigmund
  2409 | D:3      | 2409 ||| Stepping ~*~*~tactically~*~*~ (stealth).
  2412 | D:3      | 2412 ||| INVOKING Berserk.
  2415 | D:3      | Killed Sigmund
  2416 | D:3      | Reached skill level 6 in Axes
  2416 | D:3      | Reached XP level 5. HP: 32/32 MP: 5/5
  2416 | D:3      | Reached XP level 6. HP: 37/37 MP: 6/6
  2555 | D:3      | 2555 ||| Stepping ~*~*~tactically~*~*~ (stealth).
  2601 | D:3      | Found a runed translucent gate.
  2601 | D:3      | Found a runed translucent gate.
  2602 | D:3      | Found a runed translucent gate.
  2609 | D:3      | Found a hazy altar of Hepliaklqana.
  2640 | D:3      | 2640 ||| Stepping ~*~*~tactically~*~*~ (stealth).
  3044 | D:3      | 3044 ||| Stepping ~*~*~tactically~*~*~ (stealth).
  3046 | D:3      | 3046 ||| Stepping ~*~*~tactically~*~*~ (hiding).
  3080 | D:3      | 3080 ||| Stepping ~*~*~tactically~*~*~ (stealth).
  3098 | D:3      | 3098 ||| FLEEEEING.
  3099 | D:3      | 3099 ||| FLEEEEING.
  3100 | D:3      | 3100 ||| FLEEEEING.
  3101 | D:3      | 3101 ||| FLEEEEING.
  3102 | D:3      | 3102 ||| FLEEEEING.
  3103 | D:3      | 3103 ||| FLEEEEING.
  3104 | D:3      | 3104 ||| FLEEEEING.
  3105 | D:3      | 3105 ||| FLEEEEING.
  3106 | D:3      | 3106 ||| FLEEEEING.
  3107 | D:3      | 3107 ||| FLEEEEING.
  3108 | D:3      | 3108 ||| FLEEEEING.
  3110 | D:3      | 3110 ||| FLEEEEING.
  3111 | D:3      | 3111 ||| FLEEEEING.
  3112 | D:3      | 3112 ||| FLEEEEING.
  3113 | D:3      | 3113 ||| FLEEEEING.
  3114 | D:3      | 3114 ||| FLEEEEING.
  3115 | D:3      | 3115 ||| FLEEEEING.
  3116 | D:3      | 3116 ||| STAIRDANCE
  3163 | D:2      | 3163 ||| UPGRADING to ring of positive energy.
  3164 | D:2      | 3164 ||| READING scroll labelled PAENOHE BEHI.
  3165 | D:2      | 3165 ||| READING scroll labelled KATHRA KUTO BAHUA.
  3169 | D:2      | 3169 ||| READING scroll labelled BIENLU HAOL.
  3170 | D:2      | 3170 ||| READING 2 scrolls of identify.
  3170 | D:2      | 3170 ||| IDENTIFYING viscous emerald potion
  3232 | D:3      | 3232 ||| Stepping ~*~*~tactically~*~*~ (stealth).
  3239 | D:3      | 3239 ||| Stepping ~*~*~tactically~*~*~ (stealth).
  3284 | D:3      | Noticed qw's ghost (amateur BaCK)
  3305 | D:3      | 3305 ||| Stepping ~*~*~tactically~*~*~ (stealth).
  3308 | D:3      | 3308 ||| Stepping ~*~*~tactically~*~*~ (stealth).
  3462 | D:3      | 3462 ||| UPGRADING to +0 pair of gloves.
  3467 | D:3      | 3467 ||| READING scroll labelled WISEUNKI XUZXEEJ.
  3497 | D:4      | Identified the +2 chain mail of Terror {Will+ Str+2}
  3551 | D:4      | Found Zuluap's Distillery.
  3561 | D:4      | 3561 ||| BUYING potion of cancellation (88 gold).
  3561 | D:4      | Bought a potion of cancellation for 88 gold pieces
  3561 | D:4      | 3561 ||| BUYING potion of curing (33 gold).
  3561 | D:4      | Bought a potion of curing for 33 gold pieces
  3561 | D:4      | 3561 ||| SHOPLISTING potion of curing (33 gold, have 12).
  3561 | D:4      | 3561 ||| SHOPLISTING potion of heal wounds (55 gold, have
                  | 12).
  3561 | D:4      | 3561 ||| SHOPLISTING potion of might (44 gold, have 12).
  3756 | D:4      | Found Vuech's Jewellery Emporium.
  3812 | D:4      | 3812 ||| SHOPLISTING ring "Tywuaph" {rN+ Str+4 Stlth+} (496
                  | gold, have 32).
  3812 | D:4      | 3812 ||| SHOPLISTING ring of Tinlup {Will- Str+7 Int+6
                  | Dex+9} (941 gold, have 32).
  3812 | D:4      | 3812 ||| SHOPLISTING ring of protection from fire (325
                  | gold, have 32).
  3887 | D:4      | 3887 ||| Stepping ~*~*~tactically~*~*~ (stealth).
  3888 | D:4      | 3888 ||| Stepping ~*~*~tactically~*~*~ (stealth).
  3925 | D:4      | You fall into a shaft and drop 3 floors!
  3929 | D:7      | 3929 ||| Stepping ~*~*~tactically~*~*~ (stealth).
  3941 | D:7      | 3941 ||| INVOKING Berserk.
  3945 | D:7      | Reached XP level 7. HP: 31/43 MP: 7/7
  3948 | D:7      | Reached *** piety under Trog
  3952 | D:7      | 3952 ||| Stepping ~*~*~tactically~*~*~ (stealth).
  3980 | D:7      | Reached skill level 7 in Axes
  4008 | D:7      | 4008 ||| INVOKING Berserk.
  4010 | D:7      | HP: 12/64 [orc warrior/+0 battleaxe (15)]
  4022 | D:7      | 4022 ||| READING scroll of teleportation.
  4023 | D:7      | 4023 ||| DRINKING 2 potions of heal wounds.
  4034 | D:7      | HP: 6/44 [gnoll/+0 halberd[a gnoll bouda] (7)]
  4035 | D:7      | 4035 ||| DRINKING potion of heal wounds.
  4039 | D:7      | HP: 11/44 [scorpion (6)]
  4040 | D:7      | HP: 5/44 [gnoll/+2 flail of draining[a gnoll bouda] (3)]
  4041 | D:7      | HP: 2/44 [gnoll bouda/+0 club (3)]
  4041 | D:7      | Mangled by a gnoll

Levels and vault maps discovered:
D:1:      shiori_arrival_maze, layout_rooms, serial_shops, shop
D:2:      layout_basic, hellmonk_ecumenical_altar_prayer_group, uniq_terence
D:3:      layout_loops_ring, old_standard_altar, gammafunk_ghost_necromancy,
          minmay_fractal_squares_5, uniq_sigmund
D:4:      layout_loops_corners, serial_shops, nicolae_shop_stone, shop,
          nicolae_concentric_dashed_squares_wild, uniq_menkaure
D:7:      layout_cave_pools, ashenzari_altar_1,
          minmay_temple_entry_enclosed_plants, uniq_joseph

Skill      XL: |  1  2  3  4  5  6  7 |
---------------+----------------------+-----
Axes           | 3 4 6 7 |  7.0
Fighting       | 4 |  4.8
Armour         | |  2.1
Dodging        | |  1.5

Action                   |  1- 3 |  4- 6 |  7- 9 || total
-------------------------+-------+-------+-------++-------
Melee: Hand axe          |   127 |   142 |    33 ||   302
       Punch             |     1 |     1 |     1 ||     3
Invok: Berserk           |     2 |     2 |     1 ||     5
  Use: Scroll            |     2 |     8 |     1 ||    11
       Potion            |     2 |     1 |     2 ||     5
Armor: Animal skin       |    16 |       |       ||    16
       Leather armour    |    19 |     7 |       ||    26
       Ring mail         |       |    40 |    26 ||    66
Dodge: Dodged            |    76 |    55 |    39 ||   170
Block: Other             |    19 |    18 |    13 ||    50
       Reflection        |       |     2 |       ||     2

Table legend:
 A = Non-vault XP
 B = Vault XP
 C = Vault XP percentage of total XP
 D = Non-vault monster count
 E = Vault monster count
 F = Vault count percentage of total count
                 A         B        C        D         E       F
            +---------+---------+-------+---------+---------+-------
      Total |     567 |     292 |  34.0 |      77 |      10 |  11.5
            +---------+---------+-------+---------+---------+-------
        D:1 |      41 |       4 |   8.9 |      23 |       2 |   8.0
        D:2 |      62 |      38 |  38.0 |      27 |       2 |   6.9
        D:3 |      68 |     250 |  78.6 |      14 |       6 |  30.0
        D:4 |      80 |       0 |   0.0 |       8 |       0 |   0.0
        D:7 |     316 |       0 |   0.0 |       5 |       0 |   0.0
            +---------+---------+-------+---------+---------+-------
